 Dungeon Crawl Stone Soup version 0.18-a0-1683-gf9322e6 (webtiles) character file.

800 namelastname112 the Slasher (level 7, -4/62 HPs)
             Began as a Mottled Draconian Berserker on Apr 3, 2016.
             Was a Priest of Trog.
             Slain by an ogre
             ... wielding a +0 giant club
              (24 damage)
             ... on level 5 of the Dungeon.
             The game lasted 00:05:14 (3971 turns).

namelastname112 the Slasher (DrBe)                  Turns: 3971, Time: 00:05:15

Health: -4/62      AC: 13    Str: 19    XL:     7   Next: 59%
Magic:  7/7        EV: 14    Int:  7    God:    Trog [***...]
Gold:   247        SH:  0    Dex: 13    Spells: 0 memorised, 6 levels left

rFire  . . .     SeeInvis .     a - +0 falchion
rCold  . . .     Gourm    .     (armour unavailable)
rNeg   . . .     Faith    .     (no shield)
rPois  .         Spirit   .     (helmet restricted)
rElec  .         Dismiss  .     x - +1 cloak
rCorr  .         Reflect  .     g - +0 pair of gloves
SustAt .         Harm     .     (no boots)
MR     .....                    (no amulet)
Stlth  +.........               (no ring)
                                c - +4 ring of protection

@: not resistant to hostile enchantments, very unstealthy
A: breathe sticky flame splash, unfitting armour, cold-blooded, AC +6
a: Breathe Sticky Flame, Berserk, Trog's Hand, Burn Spellbooks, Renounce
Religion


You were on level 5 of the Dungeon.
You worshipped Trog.
Trog was most pleased with you.
You were not hungry.

You visited 2 branches of the dungeon, and saw 6 of its levels.

You collected 247 gold pieces.

Inventory:

Hand Weapons
 a - a +0 falchion (weapon)
Armour
 g - a +0 pair of gloves (worn)
 x - a +1 cloak (worn)
Jewellery
 c - a +4 ring of protection (left hand)
Scrolls
 d - 2 scrolls of identify {unknown}
 f - 2 scrolls of remove curse {unknown}
 h - 2 scrolls of enchant armour {unknown}
 i - 3 scrolls of teleportation {unknown}
 m - a scroll of noise {unknown}
 o - a scroll of enchant weapon {unknown}
 r - 2 scrolls of fog {unknown}
 s - a scroll of immolation {unknown}
 u - 3 scrolls of random uselessness {unknown}
Potions
 e - a potion of cure mutation {unknown}
 l - 2 potions of brilliance {unknown}
 n - a potion of might {unknown}
 q - a potion of flight {unknown}
 t - a potion of haste
 v - 2 potions of curing {unknown}
 z - a potion of degeneration {unknown}
Comestibles
 b - 3 bread rations
 j - 2 fruits
 k - a beef jerky
 w - a slice of pizza


   Skills:
 + Level 5.7 Fighting
 * Level 6.5 Long Blades
 + Level 4.9 Dodging


You had 6 spell levels left.
You didn't know any spells.

Dungeon Overview and Level Annotations

Branches:
Dungeon (5/15)             Temple (1/1) D:4

Altars:
Ashenzari
Cheibriados
Elyvilon
Fedhas
Gozag
Makhleb
Nemelex Xobeh
Okawaru
Pakellas
Ru
Xom
Zin
The Shining One


Innate Abilities, Weirdness & Mutations

You can spit globs of burning liquid.
You can ignite nearby creatures when you spit burning liquid.
Your weird mottled scales are hard (AC +6).
Your body does not fit into most forms of armour.
You are cold-blooded and may be slowed by cold attacks.


Message History

The hound bites you but does no damage. The ogre hits you with a giant club!
The giant cockroach completely misses you.
The hound closely misses you.
You closely miss the ogre.
The ogre is almost dead.
The giant cockroach barely misses you. The hound bites you.
The ogre hits you with a giant club!
You hit the ogre but do no damage.
The ogre is almost dead.
The hound closely misses you. The giant cockroach closely misses you.
The hound closely misses you. The giant cockroach misses you.
The ogre closely misses you.
You closely miss the ogre.
You tail-slap the ogre, but do no damage.
The ogre is almost dead.
The hound bites you but does no damage. The giant cockroach misses you.
You barely miss the ogre.
The ogre is almost dead.
The hound bites you but does no damage. The ogre hits you with a giant club!!
You die...

#..........#.
#.....<......
............
...........
.......... #.....#...
### #.sO.....# ###.+
#.@h.....#
.##..(####........#
..................#
.###............##
##.<.(.......##
#..............
....(....##.....#####
###.#...#..?...##
........#######


You could see an ogre, a hound and a giant cockroach.

Vanquished Creatures
  Menkaure (D:4)
  Edmund (D:4)
  An ice beast (D:3)
  The ghost of namelastname112 the Ruffian, an amateur DrMo (D:3)
  A hound (D:3)
  An orc priest (D:3)
  A gnoll shaman (D:4)
  2 worker ants (D:4)
  Robin (D:2)
  8 gnolls
  6 adders
  An ooze (D:1)
  An adder skeleton (D:4)
  A worm (D:4)
  A dart slug (D:4)
  5 giant geckos
  4 orcs (D:3)
  A ball python (D:1)
  11 bats
  4 giant cockroaches
  8 hobgoblins
  7 kobolds
  A quokka (D:2)
  9 giant newts
  17 goblins
  10 rats
  A bush (D:1)
106 creatures vanquished.

Notes
Turn   | Place    | Note
--------------------------------------------------------------
     0 | D:1      | namelastname112 the Draconian Berserker began the quest for the Orb.
     0 | D:1      | Reached XP level 1. HP: 19/19 MP: 1/1
   153 | D:1      | Reached XP level 2. HP: 18/26 MP: 2/2
   452 | D:1      | Reached XP level 3. HP: 32/33 MP: 3/3
   818 | D:2      | Reached ** piety under Trog
   913 | D:2      | Reached XP level 4. HP: 40/40 MP: 4/4
   917 | D:2      | Noticed Robin
   926 | D:2      | Killed Robin
   937 | D:2      | Reached skill level 4 in Long Blades
  1531 | D:3      | Reached XP level 5. HP: 17/47 MP: 5/5
  1538 | D:3      | Reached *** piety under Trog
  1634 | D:3      | Noticed namelastname112's ghost (amateur DrMo)
  1777 | D:3      | Killed namelastname112's ghost
  1825 | D:3      | Noticed an ice beast
  1868 | D:3      | Killed an ice beast
  1868 | D:3      | Reached skill level 5 in Fighting
  1868 | D:3      | Reached skill level 5 in Long Blades
  1868 | D:3      | Reached XP level 6. HP: 26/56 MP: 6/6
  2488 | D:3      | Found an oddly glowing altar of Pakellas.
  2494 | D:3      | Found a sacrificial altar of Ru.
  2515 | D:3      | Found a shattered altar of Ashenzari.
  2656 | D:4      | Found a glowing silver altar of Zin.
  2658 | D:4      | Found a blossoming altar of Fedhas.
  2660 | D:4      | Found a shimmering altar of Xom.
  2669 | D:4      | Found a sparkling altar of Nemelex Xobeh.
  2953 | D:4      | Noticed Edmund
  2963 | D:4      | Killed Edmund
  2963 | D:4      | Reached skill level 6 in Long Blades
  2963 | D:4      | Your scales start taking on a weird mottled colour.
  2963 | D:4      | Reached XP level 7. HP: 61/61 MP: 7/7
  2964 | D:4      | Noticed Menkaure
  2971 | D:4      | Killed Menkaure
  3371 | D:4      | Found a staircase to the Ecumenical Temple.
  3867 | Temple   | Entered the Ecumenical Temple
  3953 | D:5      | Entered Level 5 of the Dungeon
  3971 | D:5      | Slain by an ogre

Vault maps used:
D:1:      dpeg_arrival_castle, serial_forest, infiniplex_forest_fountain,
          infiniplex_forest_clump_tiny, infiniplex_forest_end_3,
          infiniplex_forest_clump_medium, infiniplex_forest_clump_tiny,
          infiniplex_forest_clump_long, infiniplex_forest_corner_1, st_stairs_1
D:2:      uniq_robin
D:3:      ashenzari_conservatory_becter, amethyst_overflow_temple_binary,
          first_bread, corexii_hall_statues_x
D:4:      grunt_temple_overflow_open, minmay_temple_entry_fiery, minivault_11,
          uniq_edmund, uniq_menkaure
D:5:      nicolae_overflow_hidden_temple, lemuel_zombie_altar_yredelemnul,
          portal_sewer_entry_d, minmay_bad_closet
Temple:   nicolae_temple_no_exploring_needed

Skill      XL: |  1  2  3  4  5  6 |
---------------+-------------------+-----
Dodging        | 3 4 |  4.9
Fighting       | 4 5 |  5.7
Long Blades    | 4 5 6 |  6.5

Action                   |  1- 3 |  4- 6 |  7- 9 || total
-------------------------+-------+-------+-------++-------
Melee: Falchion          |   189 |   224 |    49 ||   462
Invok: Berserk           |       |     5 |       ||     5
       Trog's Hand       |       |     1 |       ||     1
 Abil: Breathe Sticky Fl |       |       |     1 ||     1
 Stab: Sleeping          |       |     4 |       ||     4
  Eat: Chunk             |       |    10 |     2 ||    12
       Fruit             |       |     1 |       ||     1
       Meat ration       |       |       |     1 ||     1
